 Dungeon Crawl Stone Soup version 0.27.1-34-g3ba077fa99 (webtiles) character file.

Game seed: 3982590724263249771

1449 iwittbrodt the Archer (level 8, -4/48 HPs)
             Began as a Deep Elf Hunter on Jan 20, 2022.
             Slain by Grinder (6 damage)
             ... while paralysed by Grinder
             ... on level 5 of the Dungeon.
             The game lasted 00:35:56 (7451 turns).

iwittbrodt the Archer (Deep Elf Hunter)             Turns: 7451, Time: 00:35:57

Health: -4/48      AC: 11    Str: 11    XL:     8   Next: 46%
Magic:  10/10      EV:  2    Int: 17    God:
Gold:   70         SH:  0    Dex: 15    Spells: 5/7 levels left

rFire    . . .     SeeInvis .   b - +0 short sword (venom)
rCold    + . .     Faith    .   (no shield)
rNeg     . . .     Spirit   .   q - +2 chain mail {rC+}
rPois    .         Reflect  .   x - +0 helmet
rElec    .         Harm     .   (no cloak)
rCorr    +         Rampage  .   (no gloves)
Will     .....                  (no boots)
Stlth    ..........             (no amulet)
HPRegen  0.16/turn              h - ring of wizardry
MPRegen  0.12/turn              k - ring of resist corrosion

@: paralysed
A: no striking features
a: no special abilities


You were on level 5 of the Dungeon.
You visited 1 branch of the dungeon, and saw 5 of its levels.

You collected 232 gold pieces.
You spent 162 gold pieces at shops.

Inventory:

Hand Weapons
 a - the +3 shortbow "Nesexkez" {vorpal, rPois rC- Will++ MP+9}
   (You acquired it on level 5 of the Dungeon)

   Any ammunition fired from it inflicts extra damage upon your enemies.
   rC:        It makes you vulnerable to cold.
   rPois:     It protects you from poison.
   MP:        It affects your magic capacity (+9).
   Will:      It greatly increases your willpower.
 b - a +0 short sword of venom (weapon)
 r - a +2 longbow of flaming
Missiles
 d - 29 arrows
 e - 225 stones (quivered)
 l - 7 atropa-tipped darts
 t - 17 bolts
Armour
 f - a +0 buckler
 i - a +0 ring mail
 q - a +2 chain mail of cold resistance (worn)
 x - a +0 helmet (worn)
Jewellery
 h - a ring of wizardry (left hand)
 k - a ring of resist corrosion (right hand)
Wands
 c - a wand of iceblast (9)
 u - a wand of charming (4)
Scrolls
 g - 2 scrolls of blinking {unknown}
 j - 2 scrolls of immolation
 n - 2 scrolls of enchant armour {unknown}
 p - 3 scrolls of identify
 s - a scroll of teleportation
 y - a scroll of noise {unknown}
 A - a scroll of amnesia {unknown}
 B - a scroll of vulnerability {unknown}
Potions
 m - a potion of mutation {unknown}
 o - a potion of curing
 v - a potion of lignification
 z - a potion of cancellation {unknown}
 C - a potion of brilliance


   Skills:
 + Level 4.2 Fighting
 - Level 1.5 Short Blades
 * Level 10.3 Bows
 + Level 1.6 Armour
 - Level 5.7 Dodging
 - Level 2.4 Stealth
 - Level 3.0 Translocations


You had 5 spell levels left.
You knew the following spells:

 Your Spells              Type           Power      Damage    Failure   Level
a - Blink                 Tloc           N/A        N/A       89%         2

Your spell library contained the following spells:

 Spells                   Type           Power      Damage    Failure   Level
 Lesser Beckoning         Tloc           5%         N/A       98%         3
 Manifold Assault         Tloc           10%        N/A       100%        5


Dungeon Overview and Level Annotations

Branches:
Dungeon (5/15)
 Temple: D:4-7

Altars:

Shops:
D:3 [*

Annotations:
D:5 Grinder


Message History

You feel sick. Grinder hits you!
You hit Grinder.
Grinder looks as sick as possible!
Grinder is lightly wounded.
You feel sick.
Grinder blinks!
Your chain mail prevents you from hitting Grinder.
Grinder is moderately wounded.
You feel sick.
You are no longer poisoned.
Grinder hits you.
You writhe in agony.
You see here an adder corpse.
There is an open door here.
Grinder says, "Mostly I couldn't keep them alive."
Grinder hits you but does no damage.
You barely miss Grinder.
Grinder is severely wounded.
Grinder hits you but does no damage.
You hit Grinder.
Grinder is severely wounded.
Grinder barely misses you.
Your chain mail prevents you from hitting Grinder.
Grinder is severely wounded.
Grinder hits you.
You writhe in agony.
Grinder gestures at you. Pain shoots through your body!
There is an open door here.
Grinder blinks!
You close the door.
Grinder blinks!
Grinder gestures at you.
You suddenly lose the ability to move!
Grinder barely misses you. Grinder gestures at you.
Pain shoots through your body!
* * * LOW HITPOINT WARNING * * *
Grinder hits you but does no damage. x2
Grinder says, "FISH!"
Grinder hits you.
* * * LOW HITPOINT WARNING * * *
You writhe in agony.
You die...

#####.#...#.###
............ooo
#.######.#<..# .
#.##...5.#.###.#
.######.##.###......(#
......#.##.#.#.#.#####
......#.##.#.#.#....#
......#.##.#...5.##.#
......#.##.#.#+#@## #
#.........#......#
#.......####.....+
#.......# #.....#
#.......# #.....#
#......)##############
#....)>.))..†........#
#.......#####......#.#
#.......# #.#....#.##
#.#


You could see Grinder (poisoned).

Vanquished Creatures
  Pikel (D:3)
  Edmund (D:5)
  A necrophage (D:5)
  A phantom (D:4)
  The ghost of cbfl8 the Sneak, a weakling MiDe (D:4)
  A bullfrog zombie (D:4)
  A hound (D:4)
  2 orc priests (D:5)
  A gnoll shaman (D:5)
  An iguana (D:4)
  Ijyb (D:3)
  Natasha (thrice) (D:4 D:3)
  An orc wizard (D:5)
  A killer bee zombie (D:4)
  A howler monkey zombie (D:4)
  Robin (D:4)
  8 gnolls
  7 adders
  2 shadow imps (D:5)
  A white imp (D:5)
  An ufetubus (D:4)
  3 worms
  3 dart slugs
  15 orcs
  6 ball pythons
  6 bats
  7 endoplasms
  8 giant cockroaches
  16 goblins
  10 hobgoblins
  4 jackals
  9 kobolds
  4 quokkas
  7 frilled lizards
  10 rats
146 creatures vanquished.

Vanquished Creatures (others)
  4 fungi (D:3)
  6 plants (D:3)
10 creatures vanquished.

Grand Total: 156 creatures vanquished

Notes
Turn   | Place    | Note
-------+----------+-------------------------------------------
     0 | D:1      | iwittbrodt the Deep Elf Hunter began the quest for the Orb.
     0 | D:1      | Reached XP level 1. HP: 12/12 MP: 3/3
   188 | D:1      | Reached XP level 2. HP: 17/17 MP: 4/4
  1088 | D:2      | Reached skill level 6 in Bows
  1186 | D:2      | Reached XP level 3. HP: 21/21 MP: 5/5
  1813 | D:2      | Learned a level 2 spell: Blink
  2373 | D:3      | Reached XP level 4. HP: 26/26 MP: 6/6
  3826 | D:3      | Reached XP level 5. HP: 31/31 MP: 7/7
  4051 | D:3      | Found a faded altar of an unknown god.
  4202 | D:3      | Found Zouh's General Store.
  4211 | D:3      | Bought a potion of heal wounds for 55 gold pieces
  4211 | D:3      | Bought 18 arrows for 39 gold pieces
  4211 | D:3      | Bought 16 arrows for 35 gold pieces
  4211 | D:3      | Bought a potion of lignification for 33 gold pieces
  4330 | D:3      | Found Rynid's Armour Shop.
  4487 | D:4      | Noticed a phantom
  4543 | D:4      | Reached skill level 1 in Translocations
  4567 | D:4      | Noticed Robin
  4609 | D:4      | Killed Robin
  4778 | D:4      | Reached skill level 7 in Bows
  4804 | D:4      | Noticed Pikel
  4810 | D:4      | Noticed a lemure
  4813 | D:4      | Noticed a lemure
  4829 | D:4      | Noticed Ijyb
  4871 | D:3      | Killed Pikel
  4872 | D:3      | Reached skill level 8 in Bows
  4872 | D:3      | Reached XP level 6. HP: 26/37 MP: 8/8
  4872 | D:3      | Reached XP level 7. HP: 29/41 MP: 9/9
  4986 | D:3      | Killed Ijyb
  5010 | D:3      | Reached skill level 5 in Dodging
  5146 | D:4      | Noticed Natasha
  5173 | D:4      | Killed Natasha
  5234 | D:4      | Found a runed translucent gate.
  5234 | D:4      | Found a runed translucent gate.
  5240 | D:4      | Found a runed translucent gate.
  5243 | D:4      | Noticed cbfl8's ghost (weakling MiDe)
  5252 | D:4      | Noticed Natasha
  5275 | D:4      | Killed Natasha
  5276 | D:4      | Reached skill level 1 in Short Blades
  5530 | D:4      | Noticed Natasha
  5592 | D:5      | Entered Level 5 of the Dungeon
  5859 | D:3      | Killed Natasha
  6179 | D:4      | Reached skill level 9 in Bows
  6328 | D:4      | Killed cbfl8's ghost
  6365 | D:4      | HP: 1/41 [killer bee zombie (3)]
  6378 | D:4      | Reached XP level 8. HP: 2/48 MP: 10/10
  6948 | D:5      | Identified 2 scrolls of acquirement
  6948 | D:5      | Acquired a +2 longbow of flaming
  6951 | D:5      | Acquired the +3 shortbow "Nesexkez" {vorpal, rPois rC-
                  | Will++ MP+9}
  7179 | D:5      | Noticed Edmund
  7225 | D:5      | Killed Edmund
  7226 | D:5      | Reached skill level 10 in Bows
  7226 | D:5      | Reached skill level 1 in Armour
  7417 | D:5      | Noticed Grinder
  7446 | D:5      | Paralysed by Grinder for 6 turns
  7451 | D:5      | HP: 2/48 [Grinder (2)]
  7451 | D:5      | Slain by Grinder

Illustrated notes

Levels and vault maps discovered:
D:1:      elethiomel_arrival_maze, layout_basic
D:2:      minmay_chambers_of_ones, layout_basic
D:3:      layout_loops_ring, serial_shops,
          nicolae_shop_competitors_out_of_business, shop,
          dreamdust_ecumenical_altar_hidden_monk_grotto
D:4:      layout_rooms, gammafunk_ghost_necromancy, uniq_robin, uniq_natasha,
          uniq_ijyb, uniq_pikel
D:5:      minmay_spotlight, layout_basic, uniq_grinder, uniq_edmund

Skill      XL: |  1  2  3  4  5  6  7  8 |
---------------+-------------------------+-----
Bows           | 6 8 9 10 | 10.3
Dodging        | 3 4 5 |  5.7
Fighting       | 2 3 4 |  4.2
Stealth        | 2 |  2.4
Translocations | 3 |  3.0
Short Blades   | 1 |  1.5
Armour         | 1 |  1.6

Action                   |  1- 3 |  4- 6 |  7- 9 || total
-------------------------+-------+-------+-------++-------
Melee: Short sword       |    12 |    70 |    65 ||   147
 Fire: Shortbow          |   108 |   109 |   141 ||   358
Throw: Stone             |       |    11 |       ||    11
  Use: Potion            |       |     1 |     2 ||     3
       Scroll            |       |       |     5 ||     5
 Stab: Sleeping          |       |     1 |       ||     1
Armor: Ring mail         |    23 |    28 |    28 ||    79
       Chain mail        |       |       |    17 ||    17
Dodge: Dodged            |    29 |    54 |    64 ||   147
